 Dungeon Crawl Stone Soup version 0.25-a0-105-g2289b3b9f1 (console) character file.

Game seed: 11342130738431517835, levelgen mode: deterministic

3952 Kagalorn the Magician (level 10, -3/74 HPs)
             Began as a Gnoll Air Elementalist on Nov 16, 2019.
             Was a Priest of Cheibriados.
             Slain by Harold
             ... wielding a +0 battleaxe
              (17 damage)
             ... on level 7 of the Dungeon.
             The game lasted 00:26:04 (5624 turns).

Kagalorn the Magician (Gnoll Air Elementalist)      Turns: 5624, Time: 00:26:05

Health: -3/74      AC:  9    Str: 19      XL:     10   Next: 21%
Magic:  16/20      EV: 18    Int: 28      God:    Cheibriados [***...]
Gold:   340        SH:  6    Dex: 23 (24) Spells: 19/23 levels left

rFire    . . .     SeeInvis .   i - +0 short sword (venom)
rCold    + + .     Gourm    .   N - +0 buckler
rNeg     . . .     Faith    .   v - +2 robe {Archmagi}
rPois    .         Spirit   .   F - +0 helmet
rElec    .         Reflect  .   z - +0 cloak
rCorr    .         Harm     .   (no gloves)
MR       .....                  A - +1 pair of boots
Stlth    ++++......             (no amulet)
HPRegen  0.22/turn              g - ring of protection from cold
MPRegen  0.17/turn              r - ring of protection from cold

@: marked, very slow
A: distributed training, fangs 1, strong nose
a: Bend Time, Temporal Distortion, Renounce Religion


You were on level 7 of the Dungeon.
You worshipped Cheibriados.
Cheibriados was most pleased with you.
You were not hungry.

You visited 2 branches of the dungeon, and saw 8 of its levels.

You collected 438 gold pieces.
You spent 98 gold pieces at shops.

Inventory:

Hand Weapons
 i - a +0 short sword of venom (weapon)
 y - a cursed -2 whip
 J - a +4 flail of holy wrath
 L - a +1 long sword of freezing
 M - a +0 rapier
 O - a +4 long sword
Missiles
 a - 45 arrows
 d - 252 stones
 e - 28 sling bullets
 h - 38 poisoned darts (quivered)
 m - 6 atropa-tipped darts
 q - 7 javelins
 B - a throwing net
 G - 28 bolts
Armour
 n - a +0 plate armour
 o - a +0 ring mail
 v - a +2 robe of the Archmagi (worn)
 z - a +0 cloak (worn)
 A - a +1 pair of boots (worn)
 F - a +0 helmet (worn)
 N - a +0 buckler (worn)
Jewellery
 g - a ring of protection from cold (left hand)
 r - a ring of protection from cold (right hand)
 K - an uncursed ring of flight
Wands
 w - a wand of acid (9)
 x - a wand of polymorph (10)
 E - a wand of flame (6)
Scrolls
 b - 8 scrolls of remove curse
 f - 5 scrolls of amnesia
 u - 4 scrolls of teleportation
 C - 2 scrolls of fog
 I - a scroll of enchant weapon
Potions
 j - 3 potions of heal wounds
 k - a potion of cancellation
 l - 4 potions of curing
 p - 3 potions of haste {unknown}
 s - a potion of flight
 t - a potion of invisibility
 D - a potion of brilliance
 P - a potion of degeneration {unknown}
Comestibles
 c - 14 rations
 H - a chunk of flesh


   Skills:
 + Level 5.0 Fighting
 + Level 5.0 Short Blades
 + Level 5.0 Long Blades
 + Level 5.0 Axes
 + Level 5.0 Maces & Flails
 + Level 5.0 Polearms
 + Level 5.0 Staves
 + Level 5.0 Slings
 + Level 5.0 Bows
 + Level 5.0 Crossbows
 + Level 5.0 Throwing
 + Level 5.0 Armour
 + Level 6.8 Dodging
 + Level 6.6 Stealth
 + Level 5.0 Shields
 + Level 5.0 Unarmed Combat
 + Level 7.1 Spellcasting
 + Level 4.7 Conjurations
 + Level 4.1 Hexes
 + Level 4.1 Charms
 + Level 4.1 Summonings
 + Level 4.1 Necromancy
 + Level 4.1 Translocations
 + Level 4.1 Transmutations
 + Level 4.1 Fire Magic
 + Level 4.1 Ice Magic
 + Level 6.9 Air Magic
 + Level 4.1 Earth Magic
 + Level 4.1 Poison Magic
 + Level 5.4 Invocations
 + Level 5.0 Evocations


You had 19 spell levels left.
You knew the following spells:

 Your Spells              Type           Power        Failure   Level  Hunger
a - Shock                 Conj/Air       ####         1%          1    None
b - Static Discharge      Conj/Air       ######..     1%          3    None

Your spell library contained the following spells:

 Spells                   Type           Power        Failure   Level  Hunger
 Swiftness                Chrm/Air       ######..     1%          2    None
 Airstrike                Air            ######....   3%          4    ##.....
 Lightning Bolt           Conj/Air       ######....   14%         5    ####...


Dungeon Overview and Level Annotations

Branches:
Dungeon (7/15)             Temple (1/1) D:5

Altars:
Ashenzari
Cheibriados
Elyvilon
Fedhas
Gozag
Hepliaklqana
Kikubaaqudgha
Makhleb
Nemelex Xobeh
Okawaru
Qazlal
Ru
Sif Muna
Trog
Uskayaw
Vehumet
Wu Jian
Xom
Yredelemnul
Zin

Shops:
D:5 *

Annotations:
D:7 Harold


Innate Abilities, Weirdness & Mutations

Your experience applies equally to all skills.
You have very sharp teeth.
Your uncanny sense of smell can sniff out nearby items.


Message History

Casting: Shock (safe; 1% risk of failure)
Confirm with . or Enter, or press ? or * to list all spells.
Aiming: Shock (safe; 1% risk of failure)
Press: ? - help, Shift-Dir - straight line You feel a surge of power!
The zap hits Harold.
Harold is severely wounded.
The zap hits Harold but does no damage.
Harold is severely wounded.
Harold hits you with a +0 battleaxe!
* * * LOW HITPOINT WARNING * * *
Casting: Shock (safe; 1% risk of failure)
Confirm with . or Enter, or press ? or * to list all spells.
Aiming: Shock (safe; 1% risk of failure)
Press: ? - help, Shift-Dir - straight line You feel a surge of power!
The zap hits Harold.
Harold is severely wounded.
The zap hits Harold but does no damage.
Harold is severely wounded.
Harold hits you with a +0 battleaxe!
You die...

#.................#
#................
#.......#........
###...###.##...##
#...#..?. .#..
##.##.#... ... #.#
.##### . ##.##@#
#...@.# ##.#### #.#
#.# #.# ∆ #.. #.#
..


You could see Harold.

Vanquished Creatures
  An unseen horror (D:6)
  Pikel (D:5)
  A troll (D:6)
  Prince Ribbit (D:5)
  Sigmund (D:6)
  A hungry ghost (D:4)
  Edmund (D:6)
  An orc warrior (D:6)
  3 phantoms
  A slave (D:5)
  2 ogres
  A centaur (D:5)
  A big kobold (D:7)
  3 bullfrogs (D:6)
  2 scorpions
  A howler monkey (D:5)
  2 crimson imps (D:5)
  2 bullfrog zombies
  A quasit (D:7)
  Crazy Yiuf (D:2)
  2 hounds
  A bullfrog skeleton (D:6)
  4 orc priests
  5 orc wizards
  Jessica (D:2)
  2 iguanas
  6 worker ants
  A hound skeleton (D:4)
  A howler monkey zombie (D:6)
  15 adders
  10 gnolls
  3 shadow imps
  An adder zombie (D:6)
  5 worms
  6 leopard geckos
  33 orcs
  2 giant cockroaches
  6 goblins
  3 hobgoblins
  11 jackals
  A quokka (D:6)
  A ball python (D:4)
  4 bats
  7 frilled lizards
  A jackal zombie (D:6)
  10 kobolds
  A leopard gecko skeleton (D:6)
  A quokka skeleton (D:7)
  A quokka zombie (D:6)
  6 rats
179 creatures vanquished.

Vanquished Creatures (others)
  A hound (D:5)
  An adder (D:5)
2 creatures vanquished.

Grand Total: 181 creatures vanquished

Notes
Turn   | Place    | Note
-------+----------+-------------------------------------------
     0 | D:1      | Kagalorn the Gnoll Air Elementalist began the quest for the
                  | Orb.
     0 | D:1      | Reached XP level 1. HP: 13/13 MP: 6/6
   141 | D:1      | Reached XP level 2. HP: 19/19 MP: 4/7
   784 | D:2      | Found a sacrificial altar of Ru.
   809 | D:2      | Noticed Jessica
   814 | D:2      | Killed Jessica
   814 | D:2      | Reached skill level 5 in Spellcasting
   814 | D:2      | Reached skill level 1 in Invocations
   814 | D:2      | Reached XP level 3. HP: 9/25 MP: 3/9
   908 | D:2      | Reached skill level 1 in Fighting
   908 | D:2      | Reached skill level 1 in Short Blades
   908 | D:2      | Reached skill level 1 in Long Blades
   908 | D:2      | Reached skill level 1 in Axes
   908 | D:2      | Reached skill level 1 in Maces & Flails
   908 | D:2      | Reached skill level 1 in Polearms
   908 | D:2      | Reached skill level 1 in Staves
   908 | D:2      | Reached skill level 1 in Slings
   908 | D:2      | Reached skill level 1 in Bows
   908 | D:2      | Reached skill level 1 in Crossbows
   908 | D:2      | Reached skill level 1 in Throwing
   908 | D:2      | Reached skill level 1 in Armour
   908 | D:2      | Reached skill level 1 in Shields
   908 | D:2      | Reached skill level 1 in Unarmed Combat
   908 | D:2      | Reached skill level 1 in Evocations
  1229 | D:2      | Found a runed translucent door.
  1230 | D:2      | Noticed Crazy Yiuf
  1237 | D:2      | Killed Crazy Yiuf
  1237 | D:2      | Reached XP level 4. HP: 32/32 MP: 7/11
  1492 | D:3      | Reached skill level 1 in Hexes
  1492 | D:3      | Reached skill level 1 in Charms
  1492 | D:3      | Reached skill level 1 in Summonings
  1492 | D:3      | Reached skill level 1 in Necromancy
  1492 | D:3      | Reached skill level 1 in Translocations
  1492 | D:3      | Reached skill level 1 in Transmutations
  1492 | D:3      | Reached skill level 1 in Fire Magic
  1492 | D:3      | Reached skill level 1 in Ice Magic
  1492 | D:3      | Reached skill level 1 in Earth Magic
  1492 | D:3      | Reached skill level 1 in Poison Magic
  1529 | D:3      | Reached XP level 5. HP: 24/37 MP: 2/12
  1838 | D:3      | Reached XP level 6. HP: 34/44 MP: 2/13
  2306 | D:4      | Reached skill level 5 in Dodging
  2411 | D:4      | Noticed a hungry ghost
  2434 | D:4      | Killed a hungry ghost
  2434 | D:4      | Reached XP level 7. HP: 50/50 MP: 9/15
  2444 | D:4      | Found a sacrificial altar of Ru.
  2719 | D:4      | Reached skill level 5 in Stealth
  2907 | D:4      | Reached XP level 8. HP: 52/57 MP: 6/16
  3154 | D:4      | Found an opulent altar of Gozag.
  3224 | D:5      | Entered Level 5 of the Dungeon
  3255 | D:5      | Learned a level 3 spell: Static Discharge
  3419 | D:5      | Reached skill level 6 in Spellcasting
  3458 | D:5      | Found a staircase to the Ecumenical Temple.
  3468 | Temple   | Entered the Ecumenical Temple
  3541 | Temple   | Became a worshipper of Cheibriados the Contemplative
  3643 | D:5      | Found a shimmering blue altar of Sif Muna.
  3662 | D:5      | Found a stormy altar of Qazlal.
  3674 | D:5      | Noticed Pikel
  3682 | D:5      | Noticed Prince Ribbit
  3689 | D:5      | Killed Pikel
  3700 | D:5      | Killed Prince Ribbit
  3700 | D:5      | Reached XP level 9. HP: 38/65 MP: 1/18
  3857 | D:5      | Found Fotith's General Store.
  3861 | D:5      | Bought a scroll of identify for 28 gold pieces
  3861 | D:5      | Bought a scroll of teleportation for 42 gold pieces
  3861 | D:5      | Bought a scroll of fog for 28 gold pieces
  3961 | D:5      | Found a shimmering altar of Xom.
  3984 | D:5      | Found a burning altar of Makhleb.
  4271 | D:6      | Reached * piety under Cheibriados
  4423 | D:6      | Noticed Edmund
  4434 | D:6      | Killed Edmund
  4487 | D:6      | Noticed Sigmund
  4498 | D:6      | Killed Sigmund
  4629 | D:6      | Reached ** piety under Cheibriados
  4855 | D:6      | Reached skill level 5 in Invocations
  4990 | D:6      | Noticed a troll
  4996 | D:6      | Killed an unseen horror
  4996 | D:6      | Reached skill level 7 in Spellcasting
  4996 | D:6      | Reached XP level 10. HP: 45/73 MP: 9/20
  5291 | D:6      | Reached *** piety under Cheibriados
  5463 | D:7      | Reached skill level 5 in Fighting
  5463 | D:7      | Reached skill level 5 in Short Blades
  5463 | D:7      | Reached skill level 5 in Long Blades
  5463 | D:7      | Reached skill level 5 in Axes
  5463 | D:7      | Reached skill level 5 in Maces & Flails
  5463 | D:7      | Reached skill level 5 in Polearms
  5463 | D:7      | Reached skill level 5 in Staves
  5463 | D:7      | Reached skill level 5 in Slings
  5463 | D:7      | Reached skill level 5 in Bows
  5463 | D:7      | Reached skill level 5 in Crossbows
  5463 | D:7      | Reached skill level 5 in Throwing
  5463 | D:7      | Reached skill level 5 in Armour
  5463 | D:7      | Reached skill level 5 in Shields
  5463 | D:7      | Reached skill level 5 in Unarmed Combat
  5463 | D:7      | Reached skill level 5 in Evocations
  5607 | D:7      | Noticed Harold
  5624 | D:7      | Slain by Harold

Levels and vault maps discovered:
D:1:      mrwooster_arrival_statue_3, layout_basic, serial_park_tiny_pond,
          grunt_decor_fettered
D:2:      layout_loops_ring, nicolae_ru_the_path_less_chosen,
          uniq_crazy_yiuf_cottage, uniq_jessica
D:3:      layout_basic, minmay_fractal_squares_gapless_5
D:4:      layout_basic, lemuel_crystal_altar, grunt_gozag_statues, st_stairs_6,
          guppyfry_early_lair_pool
D:5:      layout_loops_cross, grunt_temple_overflow_champion_of_chaos,
          lemuel_crystal_altar, kennysheep_mini,
          minmay_temple_entry_statues_fountains, serial_shops, shop,
          first_ration, uniq_pikel, uniq_prince_ribbit1
D:6:      kennysheep_windowed_halls, layout_rooms, uniq_sigmund, uniq_edmund
D:7:      layout_loops_ring, uniq_harold
Temple:   jpeg_temple_clearing

Skill      XL: |  1  2  3  4  5  6  7  8  9 10 |
---------------+-------------------------------+-----
Conjurations   | 2 3 4 |  4.7
Spellcasting   | 5 6 7 |  7.1
Invocations    | 1 2 3 4 5 |  5.4
Fighting       | 1 2 3 4 5 |  5.0
Short Blades   | 1 2 3 4 5 |  5.0
Long Blades    | 1 2 3 4 5 |  5.0
Axes           | 1 2 3 4 5 |  5.0
Maces & Flails | 1 2 3 4 5 |  5.0
Polearms       | 1 2 3 4 5 |  5.0
Staves         | 1 2 3 4 5 |  5.0
Slings         | 1 2 3 4 5 |  5.0
Bows           | 1 2 3 4 5 |  5.0
Crossbows      | 1 2 3 4 5 |  5.0
Throwing       | 1 2 3 4 5 |  5.0
Armour         | 1 2 3 4 5 |  5.0
Shields        | 1 2 3 4 5 |  5.0
Unarmed Combat | 1 2 3 4 5 |  5.0
Evocations     | 1 2 3 4 5 |  5.0
Hexes          | 1 2 3 4 |  4.1
Charms         | 1 2 3 4 |  4.1
Summonings     | 1 2 3 4 |  4.1
Necromancy     | 1 2 3 4 |  4.1
Translocations | 1 2 3 4 |  4.1
Transmutations | 1 2 3 4 |  4.1
Fire Magic     | 1 2 3 4 |  4.1
Ice Magic      | 1 2 3 4 |  4.1
Earth Magic    | 1 2 3 4 |  4.1
Poison Magic   | 1 2 3 4 |  4.1
Dodging        | 5 6 |  6.8
Stealth        | 5 6 |  6.6
Air Magic      | 6 |  6.9

Action                   |  1- 3 |  4- 6 |  7- 9 | 10-12 || total
-------------------------+-------+-------+-------+-------++-------
Melee: Short sword       |       |     9 |     9 |    10 ||    28
       Bite              |       |     1 |     8 |     9 ||    18
       Flail             |       |       |    36 |       ||    36
       Long sword        |       |       |    13 |    22 ||    35
 Cast: Shock             |    42 |   104 |   219 |    27 ||   392
       Static Discharge  |       |       |     7 |     7 ||    14
Invok: Bend Time         |       |       |       |     1 ||     1
  Use: Scroll            |       |       |    12 |     1 ||    13
 Stab: Sleeping          |       |       |     1 |     2 ||     3
       Distracted        |       |       |       |     1 ||     1
  Eat: Ration            |       |     1 |       |       ||     1
       Chunk             |       |     1 |     8 |     1 ||    10
Armor: Robe              |     1 |     9 |    37 |     4 ||    51
Dodge: Dodged            |     4 |    20 |    85 |    38 ||   147
Block: Buckler           |       |       |    27 |    11 ||    38
       Rpst.: Long sword |       |       |    11 |    13 ||    24
       Falchion          |       |       |     2 |       ||     2

Table legend:
 A = Non-vault XP
 B = Vault XP
 C = Vault XP percentage of total XP
 D = Non-vault monster count
 E = Vault monster count
 F = Vault count percentage of total count
                 A         B        C        D         E       F
            +---------+---------+-------+---------+---------+-------
      Total |    2740 |    2906 |  51.5 |     147 |      31 |  17.4
            +---------+---------+-------+---------+---------+-------
        D:1 |      17 |       0 |   0.0 |      13 |       0 |   0.0
        D:2 |      28 |      79 |  73.8 |      10 |       2 |  16.7
        D:3 |     259 |      22 |   7.8 |      34 |       5 |  12.8
        D:4 |     800 |      78 |   8.9 |      14 |       6 |  30.0
        D:5 |     441 |     922 |  67.6 |      13 |       3 |  18.8
        D:6 |     957 |    1805 |  65.4 |      43 |      15 |  25.9
        D:7 |     238 |       0 |   0.0 |      20 |       0 |   0.0
            +---------+---------+-------+---------+---------+-------
